 Dungeon Crawl Stone Soup version 0.30.1-11-g7821555f0a (webtiles) character file.

Game seed: 15527045048126461676

98 Unglued128 the Digger (level 4, -5/32 HPs)
             Began as a Gnoll Wanderer on Nov 21, 2023.
             Slain by a gnoll
             ... wielding a +0 club
              (7 damage)
             ... on level 2 of the Dungeon.
             The game lasted 00:05:39 (1503 turns).

Unglued128 the Digger (Gnoll Wanderer)              Turns: 1503, Time: 00:05:40

Health: -5/32      AC:  3    Str: 16    XL:     4   Next: 71%
Magic:  8/8        EV: 11    Int:  8    God:
Gold:   65         SH:  5    Dex: 12    Spells: 8/9 levels left

rFire   . . .        l - +2 whip (freeze)
rCold   . . .        b - +1 buckler
rNeg    . . .        d - +0 leather armour
rPois   .            (no helmet)
rElec   .            (no cloak)
rCorr   .            (no gloves)
SInv    .            (no boots)
Will    .....        (no amulet)
Stlth   +            (no ring)
HPRegen 0.25/turn    (no ring)
MPRegen 0.11/turn

%: no passive effects
@: no status effects
A: fangs 1, strong nose, distributed training
a: no special abilities


You were on level 2 of the Dungeon.
You visited 1 branch of the dungeon, and saw 2 of its levels.

You collected 65 gold pieces.

Inventory:

Hand Weapons
 a - a +2 hand axe
 i - a +1 dagger of venom
 l - a +2 whip of freezing (weapon)
Armour
 b - a +1 buckler (worn)
 d - a +0 leather armour (worn)
Jewellery
 j - an amulet of faith
Scrolls
 e - a scroll of immolation {unknown}
 g - a scroll of brand weapon {unknown}
 h - a scroll of identify
Potions
 c - 2 potions of attraction
 f - a potion of lignification {unknown}
 k - a potion of haste {unknown}


   Skills:
 + Level 1.2 Fighting
 + Level 1.2 Short Blades
 + Level 1.2 Long Blades
 + Level 4.7 Axes
 + Level 1.2 Maces & Flails
 + Level 1.2 Polearms
 + Level 1.2 Staves
 + Level 1.2 Ranged Weapons
 + Level 2.8 Throwing
 + Level 1.2 Armour
 + Level 1.2 Dodging
 + Level 1.2 Stealth
 + Level 2.8 Shields
 + Level 1.2 Unarmed Combat
 + Level 3.0 Spellcasting
 + Level 1.0 Conjurations
 + Level 1.0 Hexes
 + Level 1.0 Summonings
 + Level 1.0 Necromancy
 + Level 1.0 Translocations
 + Level 1.0 Transmutations
 + Level 1.0 Fire Magic
 + Level 1.0 Ice Magic
 + Level 1.0 Air Magic
 + Level 5.5 Earth Magic
 + Level 1.0 Poison Magic
 + Level 4.7 Invocations
 + Level 1.2 Evocations


You had 8 spell levels left.
You knew the following spells:

 Your Spells              Type           Power      Damage    Failure   Level
a - Sandblast             Erth           20%        2d7       5%          1

Your spell library contained the following spells:

 Spells                   Type           Power      Damage    Failure   Level
 Stone Arrow              Conj/Erth      12%        3d7       38%         3
 Borgnjor's Vile Clutch   Necr/Erth      3%         N/A       98%         5
 Alistair's Intoxication  Tmut/Pois      1%         N/A       100%        5
 Eringya's Noxious Bog    Tmut/Pois      1%         N/A       100%        6


Dungeon Overview and Level Annotations

Branches:
Dungeon (2/15)

Altars:


Innate Abilities, Weirdness & Mutations

You have very sharp teeth.
Your uncanny sense of smell can sniff out nearby items.
Your experience applies equally to all skills.


Message History

Found a book of Spatial Translocations.
The kobold shouts!
The gnoll shouts!
The kobold hits you but does no damage.
A gnoll comes into view. It is wielding a +0 club.
You whack the kobold! You freeze the kobold.
You kill the kobold!
A gnoll comes into view. It is wielding a +0 halberd.
There is a stone staircase leading down here.
Things that are here:
a +0 dagger; 4 stones You barely miss the gnoll.
The gnoll hits you but does no damage.
You barely miss the gnoll. The gnoll hits you with a +0 club.
You block the gnoll's attack.
You closely miss the gnoll. The gnoll barely misses you. x2
You hit the gnoll. You freeze the gnoll.
The gnoll is lightly wounded.
The gnoll closely misses you. The gnoll hits you with a +0 club!
The gnoll hits you from afar with a +0 halberd.
You hit the gnoll. You freeze the gnoll.
The gnoll is almost dead.
The gnoll hits you with a +0 club.
The gnoll hits you from afar with a +0 halberd.
The gnoll barely misses you. The gnoll closely misses you. x2
The gnoll barely misses you.
You hit the gnoll. You freeze the gnoll.
You kill the gnoll!
The gnoll misses you. The gnoll hits you with a +0 club.
You hit the gnoll. You freeze the gnoll. Your bite misses the gnoll.
The gnoll is lightly wounded.
The gnoll hits you from afar with a +0 halberd!
* * * LOW HITPOINT WARNING * * *
The gnoll hits you with a +0 club.
* * * LOW HITPOINT WARNING * * *
You whack the gnoll! You freeze the gnoll.
The gnoll is almost dead.
The gnoll barely misses you. The gnoll misses you.
You closely miss the gnoll.
The gnoll is almost dead.
The gnoll hits you with a +0 club!
You die...

#.###.#.####.#
#. #. ##.#.#
#.# #.
#.##....# #.#
#. #.#.....#
#.# ..
#.#....## #.#
## #.#.#.##
#.# #:#.#.#
#.# #.>...#
#.@).#......
##.gg.######
##### ##.#.#
..... #.#.#
####. #.#.g
..... #.####
..##. #.. . #.
## ##


You could see 2 gnolls.

Vanquished Creatures
  Terence (D:2)
  A gnoll (D:2)
  2 adders (D:2)
  2 dart slugs
  2 ball pythons (D:1)
  2 giant cockroaches (D:1)
  4 hobgoblins
  7 quokkas
  2 bats
  3 frilled lizards
  5 goblins
  7 kobolds
  3 rats (D:1)
41 creatures vanquished.

Notes
Turn   | Place    | Note
-------+----------+-------------------------------------------
     0 | D:1      | Unglued128 the Gnoll Wanderer began the quest for the Orb.
     0 | D:1      | Unglued128 set off with the following items: a +2 hand axe,
                  | a +0 buckler, a potion of attraction, a +0 leather armour;
                  | and the following spell memorised: Sandblast; and the
                  | following spells available to memorise: Stone Arrow.
     0 | D:1      | Reached XP level 1. HP: 13/13 MP: 4/4
   241 | D:1      | Reached XP level 2. HP: 19/19 MP: 5/5
   518 | D:1      | Reached XP level 3. HP: 23/25 MP: 7/7
  1026 | D:2      | Noticed Terence
  1039 | D:2      | Killed Terence
  1040 | D:2      | Reached skill level 1 in Fighting
  1040 | D:2      | Reached skill level 1 in Short Blades
  1040 | D:2      | Reached skill level 1 in Long Blades
  1040 | D:2      | Reached skill level 1 in Maces & Flails
  1040 | D:2      | Reached skill level 1 in Polearms
  1040 | D:2      | Reached skill level 1 in Staves
  1040 | D:2      | Reached skill level 1 in Ranged Weapons
  1040 | D:2      | Reached skill level 1 in Armour
  1040 | D:2      | Reached skill level 1 in Dodging
  1040 | D:2      | Reached skill level 1 in Stealth
  1040 | D:2      | Reached skill level 1 in Unarmed Combat
  1040 | D:2      | Reached skill level 1 in Evocations
  1040 | D:2      | Reached XP level 4. HP: 5/32 MP: 8/8
  1247 | D:2      | Reached skill level 1 in Conjurations
  1247 | D:2      | Reached skill level 1 in Hexes
  1247 | D:2      | Reached skill level 1 in Summonings
  1247 | D:2      | Reached skill level 1 in Necromancy
  1247 | D:2      | Reached skill level 1 in Translocations
  1247 | D:2      | Reached skill level 1 in Transmutations
  1247 | D:2      | Reached skill level 1 in Fire Magic
  1247 | D:2      | Reached skill level 1 in Ice Magic
  1247 | D:2      | Reached skill level 1 in Air Magic
  1247 | D:2      | Reached skill level 1 in Poison Magic
  1501 | D:2      | HP: 1/32 [gnoll/+0 club (2)]
  1503 | D:2      | Slain by a gnoll

Illustrated notes

Levels and vault maps discovered:
D:1:      dreamdust_arrival_sigmund_warning, layout_basic
D:2:      layout_loops_ring, dk_noncrumbling_3, grunt_decor_cap, uniq_terence

Skill      XL: |  1  2  3  4 |
---------------+-------------+-----
Fighting       | 1 |  1.2
Short Blades   | 1 |  1.2
Long Blades    | 1 |  1.2
Maces & Flails | 1 |  1.2
Polearms       | 1 |  1.2
Staves         | 1 |  1.2
Ranged Weapons | 1 |  1.2
Armour         | 1 |  1.2
Dodging        | 1 |  1.2
Stealth        | 1 |  1.2
Unarmed Combat | 1 |  1.2
Evocations     | 1 |  1.2
Spellcasting   | 3 |  3.0
Conjurations   | 1 |  1.0
Hexes          | 1 |  1.0
Summonings     | 1 |  1.0
Necromancy     | 1 |  1.0
Translocations | 1 |  1.0
Transmutations | 1 |  1.0
Fire Magic     | 1 |  1.0
Ice Magic      | 1 |  1.0
Air Magic      | 1 |  1.0
Poison Magic   | 1 |  1.0
Axes           | |  4.7
Throwing       | |  2.8
Shields        | |  2.8
Earth Magic    | |  5.5
Invocations    | |  4.7

Action                     |  1- 3 |  4- 6 || total
---------------------------+-------+-------++-------
  Melee: Hand axe          |    57 |       ||    57
         Bite              |     2 |     2 ||     4
         Whip              |    16 |    35 ||    51
   Cast: Sandblast         |     1 |     2 ||     3
    Use: Scroll            |     4 |       ||     4
   Stab: Sleeping          |       |     1 ||     1
 Armour: Leather armour    |    13 |     8 ||    21
  Dodge: Dodged            |    28 |    15 ||    43
  Block: Buckler           |    11 |     4 ||    15
